 Dungeon Crawl Stone Soup version 0.23.2-11-gf996548c65 (webtiles) character file.

Game seed: 2731933309331639557

107 eccles the Digger (level 4, -6/25 HPs)
             Began as a Gargoyle Earth Elementalist on June 6, 2019.
             Mangled by Sigmund
             ... wielding a +0 scythe
              (9 damage)
             ... on level 2 of the Dungeon.
             The game lasted 00:08:19 (1592 turns).

eccles the Digger (Gargoyle Earth Elementalist)     Turns: 1592, Time: 00:08:19

Health: -6/25      AC:  5    Str: 12    XL:     4   Next: 85%
Magic:  5/7        EV: 12    Int: 16    God:
Gold:   14         SH:  0    Dex: 10    Spells: 5/8 levels left

rFire    . . .     SeeInvis .   a - +2 dagger (venom)
rCold    . . .     Gourm    .   (no shield)
rNeg     + . .     Faith    .   c - +0 robe
rPois    ∞         Spirit   .   (no helmet)
rElec    +         Reflect  .   (no cloak)
rCorr    .         Harm     .   (no gloves)
MR       .....                  (no boots)
Stlth    ++........             (no amulet)
HPRegen  0.08/turn              (no ring)
MPRegen  0.10/turn              (no ring)

@: no status effects
A: negative energy resistance 1, electricity resistance, unbreathing,
petrification resistance, rot immunity, AC +3
a: no special abilities


You were on level 2 of the Dungeon.
You were not hungry.

You visited 1 branch of the dungeon, and saw 2 of its levels.

You collected 14 gold pieces.

Inventory:

Hand Weapons
 a - a +2 dagger of venom (weapon)
Missiles
 b - 113 stones
 e - 6 javelins of penetration (quivered)
Armour
 c - a +0 robe (worn)
Potions
 g - 2 potions of curing {unknown}
Comestibles
 d - 5 rations
 h - 2 chunks of flesh


   Skills:
 + Level 1.0 Fighting
 + Level 0.8 Short Blades
 + Level 2.0 Dodging
 + Level 2.3 Stealth
 + Level 0.5 Unarmed Combat
 * Level 2.6 Spellcasting
 + Level 0.7 Transmutations
 * Level 5.0 Earth Magic


You had 5 spell levels left.
You knew the following spells:

 Your Spells              Type           Power        Failure   Level  Hunger
a - Sandblast             Erth           ###...       2%          1    #......
b - Passwall              Tmut/Erth      ##......     9%          2    ##.....

Your spell library contained the following spells:

 Spells                   Type           Power        Failure   Level  Hunger
 Stone Arrow              Conj/Erth      ##....       21%         3    ###....
 Petrify                  Tmut/Erth      ##......     52%         4    #####..
 Lee's Rapid Deconstruct  Erth           ###.......   56%         5    ######.


Dungeon Overview and Level Annotations

Branches:
Dungeon (2/15)

Altars:

Annotations:
D:2 Sigmund


Innate Abilities, Weirdness & Mutations

You are resistant to torment.
Your stone body is resilient. (AC +3)
You are immune to poison.
You resist negative energy. (rN+)
You are resistant to electric shocks. (rElec)
You can survive without breathing.
You are immune to petrification.
You are immune to rotting.


Message History

Aim: a shadow imp The blast of sand hits the shadow imp but does no damage.
b - 113 stones The shadow imp closely misses you.
Something hits you.
You hit the shadow imp.
The shadow imp is moderately wounded.
The shadow imp hits you but does no damage.
You hit the shadow imp.
The shadow imp is severely wounded.
Something hits you. The shadow imp hits you.
You hit the shadow imp.
The shadow imp is almost dead.
The shadow imp puffs mist at you. The shadow imp barely misses you.
Something hits you!
* * * LOW HITPOINT WARNING * * *
You hit the shadow imp.
You kill the shadow imp!
A hobgoblin comes into view. It is wielding a -2 club.
Something hits you!
You die...

###.....{#.#.###..
#######.........
#....###. #......#
.. ###wS#.#
#...###r#.#
#.....#.#
##.##g#.##### #.
#....s@..# #
#.######## #..
#..##########
...........<#
#..########### ...


You could see a giant cockroach and a hobgoblin (wandering).

Vanquished Creatures
  A scorpion (D:2)
  2 adders (D:2)
  A shadow imp (D:2)
  A worm (D:1)
  A leopard gecko (D:1)
  A ball python (D:1)
  A goblin (D:1)
  4 hobgoblins
  4 jackals
  4 kobolds (D:1)
  A quokka (D:2)
  5 bats
  A frilled lizard (D:2)
  A rat (D:2)
28 creatures vanquished.

Notes
Turn   | Place    | Note
-------+----------+-------------------------------------------
     0 | D:1      | eccles the Gargoyle Earth Elementalist began the quest for
                  | the Orb.
     0 | D:1      | Reached XP level 1. HP: 10/10 MP: 3/3
   320 | D:1      | Reached skill level 4 in Earth Magic
   344 | D:1      | Reached XP level 2. HP: 5/15 MP: 3/5
  1193 | D:2      | Noticed a scorpion
  1205 | D:2      | Killed a scorpion
  1205 | D:2      | Reached XP level 3. HP: 19/19 MP: 1/6
  1205 | D:2      | Reached XP level 4. HP: 24/24 MP: 1/7
  1209 | D:2      | Learned a level 2 spell: Passwall
  1325 | D:2      | Noticed Sigmund
  1412 | D:2      | Reached skill level 1 in Fighting
  1586 | D:2      | Reached skill level 5 in Earth Magic
  1592 | D:2      | Mangled by Sigmund

Skill      XL: |  1  2  3  4 |
---------------+-------------+-----
Earth Magic    | 4 5 |  5.0
Dodging        | 2 |  2.0
Fighting       | 1 |  1.0
Short Blades   | |  0.8
Stealth        | |  2.3
Unarmed Combat | |  0.5
Spellcasting   | |  2.6
Transmutations | |  0.7

Action                   |  1- 3 |  4- 6 || total
-------------------------+-------+-------++-------
Melee: Unarmed           |    37 |       ||    37
       Dagger            |    12 |    29 ||    41
Throw: Javelin           |     1 |     2 ||     3
 Cast: Sandblast         |    12 |     8 ||    20
  Use: Scroll            |     3 |       ||     3
       Potion            |       |     2 ||     2
  Eat: Chunk             |       |     2 ||     2
Armor: Robe              |    10 |    21 ||    31
Dodge: Dodged            |    31 |    46 ||    77
